 BcadrenCrawl: Boulder Brew version 0.04-3-g5ec7fb31a4 (webtiles) character file.

Game seed: 5780410924463087876, levelgen mode: deterministic

155 Chiseanne the Ducker (level 5, 0/33 HPs) Goblin Demonspawn. Began on Mar 22, 2021. Slain by a slimehead (8 damage) ... on level 2 of the Dungeon. The game lasted 00:02:26 (1097 turns).

Chiseanne the Ducker (Goblin Demonspawn)            Turns: 1097, Time: 00:02:27

Health: 0/33       AC:  7    Str:  8    XL:     5 ^: 47
Magic:  6/6        EV: 15    Int:  6    God:
Gold:   111        SH:  0    Dex:  6    Spells: 5/6 levels left

rFire    . . .     Vision   .   a - +0 long sword
rCold    . . .     Gourm    .   f - +2 dagger (speed)
rNeg     . . .     Faith    .   b - +0 leather armour
rPois    .         Spirit   .   (no helmet)
rElec    +         Reflect  .   (no cloak)
rCorr    .         Harm     .   (no gloves)
MR       .....                  g - +1 pair of boots {rElec+}
Stlth    +.........             (no amulet)
HPRegen  0.21/turn              (no ring)
MPRegen  0.16/turn              (no ring)

@: no status effects
A: small, stagnant stats, goblin's greed, icy blue scales 1, demonic guardian 1,
low mp 1, mutation resistance 1, powered by pain 1, god's pity 2
a: no special abilities


You were on level 2 of the Dungeon.
You were not hungry.

You visited 1 branch of the dungeon, and saw 2 of its levels.

You collected 93 gold pieces.

Inventory:

Weapons
 a - a +0 long sword (weapon)
 f - a +2 dagger of speed (weapon)
Armour
 b - a +0 leather armour (worn)
 g - a +1 pair of boots of insulation (worn)
Jewellery
 e - a cursed ring of protection from magic {(Curse: *Slow)}
Scrolls
 c - 2 scrolls of immolation
 h - a scroll of fog
 i - 2 scrolls of teleportation
 l - a scroll of amnesia
Potions
 j - a potion of cancellation
Comestibles
 d - 4 rations
 k - 4 chunks of flesh


   Skills:
 - Level 1.3 Fighting
 - Level 2.6 Long Blades
 * Level 7.3 Dodging
 - Level 2.6 Stealth
 - Level 1.3 Spellcasting
 - Level 2.6 Fire Magic
   Level 4.0 Invocations


You had 5 spell levels left.
You knew the following spells:

 Your Spells              Type           Power        Failure   Level  Hunger
a - Flame Tongue          Fire           3 (30)       17%         1    ##.....

Your spell library contained the following spells:

 Spells                   Type           Power        Failure   Level  Hunger
 Conjure Flame            Fire           3 (100)      45%         3    ####...
 Blink                    Tloc           N/A          61%         2    ###....
 Call Imp                 Summ           0 (100)      61%         2    ###....
 Slow                     Hex            0 (100)      61%         2    ###....
 Mephitic Cloud           Pois/Air       0 (100)      83%         3    ####...


Dungeon Overview and Level Annotations

Branches:
Dungeon (2/8)

Altars:


Innate Abilities, Weirdness & Mutations

Your stats never grow through leveling.
Your goblin ancestry allows you to find more gold. (+20%)
You are small and have problems with some larger weapons.
You are partially covered in icy blue scales. (AC +2)
A weak demonic guardian rushes to your aid.
Your magical capacity is low. (-10% MP)
You are somewhat resistant to further mutation.
You sometimes gain a little power by taking damage.
The pity of the gods increases the power of your passive and invoked divine abilities.


Message History

[Y]es or [N]o only, please.
Really attack the non-hostile slimehead?
You hit the slimehead but do no damage. x2; The slimehead bites you (13)!
The slimehead barely misses you (0).
You barely miss the slimehead. You hit the slimehead but do no damage.
The slimehead bites you but does no damage.
The slimehead barely misses you (0).
You hit the slimehead (2). You hit the slimehead but do no damage.
The slimehead bites you but does no damage.
The slimehead barely misses you (0).
You riposte.
The slimehead blocks your attack.
You hit the slimehead (5). You hit the slimehead but do no damage.
The slimehead closely misses you (0). The slimehead bites you (7)!
You hit the slimehead but do no damage. You hit the slimehead (2).
The slimehead barely misses you (0). The slimehead misses you (0).
The slimehead barely misses you (0).
You hit the slimehead but do no damage. x2; The slimehead bites you (7)!
* * * LOW HITPOINT WARNING * * *
The slimehead bites you (8)!
You die...

#..≈≈≈≈......#....####
.≈..≈≈............≈.≈##
.#.≈≈≈≈.≈≈...........≈#
...≈≈≈≈.#............#
.#.≈≈≈≈.b≈.........P##
.).≈≈≈≈...÷...##≈..P#
##.≈≈≈≈≈##≈≈..#≈...##
≈<.≈≈≈≈≈###≈.###÷###
....≈≈≈≈# #### #@#
...≈≈≈≈≈# #;# ##.≈≈≈≈≈#
..; #.≈≈≈≈.... #...≈
#J≈≈≈≈...≈. ....≈≈
≈≈≈≈≈≈≈.≈≈≈# #..b.≈≈≈
.#.≈≈≈≈≈#### ≈.$8.≈≈≈.
.≈≈.≈≈≈## ...≈#.≈≈.≈≈


You could see a slimehead and a neutral slimehead (wandering) (passive).

Vanquished Creatures
  A crocodile (D:2)
  3 cinder newts
  An ooze (D:1)
  2 dart slugs (D:1)
  2 leopard geckos (D:1)
  3 goblins (D:1)
  5 hobgoblins (D:1)
  9 bats (D:1)
  4 kobolds (D:1)
  11 rats (D:1)
41 creatures vanquished.

Vanquished Creatures (collateral kills)
  A jelly (D:2)
1 creature vanquished.

Vanquished Creatures (others)
  15 withered plants (D:2)
15 creatures vanquished.

Grand Total: 57 creatures vanquished

Notes
Turn   | Place    | Note
-------+----------+-------------------------------------------
     0 | D:1      | Chiseanne the Goblin Demonspawn began the quest for the
                  | Orb.
     0 | D:1      | Reached XP level 1. HP: 13/13 MP: 2/2
    60 | D:1      | Gained mutation: You are partially covered in icy blue
                  | scales. (AC +2) [demonic ancestry]
    60 | D:1      | Reached XP level 2. HP: 12/18 MP: 3/3
    91 | D:1      | Reached skill level 5 in Dodging
   109 | D:1      | Gained mutation: You sometimes gain a little power by
                  | taking damage. [demonic ancestry]
   109 | D:1      | Reached XP level 3. HP: 4/23 MP: 4/4
   468 | D:1      | Reached XP level 4. HP: 28/28 MP: 5/5
   550 | D:1      | Reached skill level 6 in Dodging
   942 | D:2      | Noticed a crocodile
   958 | D:2      | Killed a crocodile
   958 | D:2      | Reached skill level 7 in Dodging
   958 | D:2      | Gained mutation: A weak demonic guardian rushes to your
                  | aid. [demonic ancestry]
   958 | D:2      | Reached XP level 5. HP: 7/33 MP: 6/6
  1097 | D:2      | Slain by a slimehead

Levels and vault maps discovered:
D:1:      minmay_arrival_four_loops, layout_basic, first_ration,
          hangedman_decor_riveting, chequers_serial_rivers_micro_c
D:2:      layout_sewer, lemuel_blue_sif_altar, minmay_overflow_temple_star_quad,
          sewer_co_purgy_island

Skill      XL: |  1  2  3  4 |
---------------+-------------+-----
Dodging        | 5 7 |  7.3
Fighting       | |  1.3
Long Blades    | |  2.6
Stealth        | |  2.6
Spellcasting   | |  1.3
Fire Magic     | |  2.6
Invocations    | |  4.0

Action                   |  1- 3 |  4- 6 || total
-------------------------+-------+-------++-------
Melee: Long sword        |    47 |    27 ||    74
       Hatchet           |    15 |       ||    15
       Unarmed           |     1 |       ||     1
       Dagger            |    19 |    19 ||    38
  Use: Potion            |       |     1 ||     1
 Stab: Sleeping          |     1 |       ||     1
       Invisible         |       |     1 ||     1
  Eat: Chunk             |       |     1 ||     1
Armor: Leather armour    |    11 |     7 ||    18
Dodge: Dodged            |    80 |    37 ||   117
       Rpst.: Long sword |    27 |    14 ||    41
